 Dungeon Crawl Stone Soup version 0.27.0-65-ge2af304b15 (webtiles) character file.

Game seed: 11095411689454210803

4280 Spectrina the Unseen (level 10, -2/54 HPs)
             Began as a Vampire Delver on Aug 18, 2021.
             Was a Priest of Kikubaaqudgha.
             Slain by a troll (11 damage)
             ... on level 10 of the Dungeon.
             The game lasted 01:04:53 (4760 turns).

Spectrina the Unseen (Vampire Delver)               Turns: 4760, Time: 01:04:54

Health: -2/54      AC:  0    Str:  7 (11) XL:     10   Next: 10%
Magic:  8/10       EV: 20    Int:  9 (12) God:    Kikubaaqudgha [***...]
Gold:   240        SH:  5    Dex: 21 (25) Spells: 3/9 levels left

rFire    . . .     SeeInvis +   (weapon currently unavailable)
rCold    + + .     Faith    .   (shield currently unavailable)
rNeg     + + +     Spirit   .   (armour currently unavailable)
rPois    ∞         Reflect  +   (helmet currently unavailable)
rElec    .         Harm     .   (cloak currently unavailable)
rCorr    .         Rampage  .   (gloves currently unavailable)
Will     +....                  (boots currently unavailable)
Stlth    +++++++++.             N - amulet of reflection
HPRegen  0.00/turn              (ring currently unavailable)
MPRegen  0.12/turn              (ring currently unavailable)

@: bat-form, flying, bloodless, inhibited regen, very quick
A: fast, flying, no casting, bloodless, tiny, fangs 3, see invisible, vampiric 2
a: Revivify, End Transformation, Renounce Religion, Receive Corpses


You were on level 10 of the Dungeon.
You worshipped Kikubaaqudgha.
Kikubaaqudgha was most pleased with you.
You were a vampire bat.
You visited 2 branches of the dungeon, and saw 13 of its levels.
You also visited: Ossuary.

You collected 1310 gold pieces.
You spent 1070 gold pieces at shops.

Inventory:

Hand Weapons
 a - a +2 short sword of speed (melded)
 b - a +3 hand crossbow
 e - a +1 dagger of speed
 A - the +3 short sword of Severance {freeze, rC+}
   (You found it on level 4 of the Dungeon)

   It freezes those it strikes, dealing additional cold damage.
   It can also slow down cold-blooded creatures.
   rC:        It protects you from cold.
 K - a +0 hunting sling
 L - a +0 rapier
 Q - a +0 short sword of draining
 R - a +4 short sword
 T - a +0 shortbow
Missiles
 h - 55 sling bullets
 l - 28 poisoned darts (quivered)
 m - 173 stones
 o - 107 arrows
 F - 33 bolts
Armour
 y - the +2 pair of gloves "Qempuz" (melded) {rC+ rN+ rCorr Str+4}
   (You bought it in a shop on level 5 of the Dungeon)

   Str:       It affects your strength (+4).
   rC:        It protects you from cold.
   rN:        It protects you from negative energy.
   rCorr:     It protects you from acid and corrosion.
 G - a +0 pair of boots (melded)
 M - a +2 helmet of intelligence (melded)
 O - a +0 buckler of protection (melded)
 P - the +5 leather armour of Deoluhuoc (melded) {rCorr}
   (You bought it in a shop on level 5 of the Dungeon)

   rCorr:     It protects you from acid and corrosion.
 U - +0 steam dragon scales
Magical Staves
 j - a staff of poison
Jewellery
 D - a ring of protection from fire (melded)
 N - an amulet of reflection (around neck)
Wands
 g - a wand of digging (3)
 s - a wand of iceblast (2)
Scrolls
 c - 2 scrolls of fog
 d - a scroll of magic mapping
 i - 2 scrolls of holy word
 q - 2 scrolls of noise {unknown}
 r - a scroll of immolation
 t - a scroll of blinking
 x - 3 scrolls of enchant weapon
 z - a scroll of amnesia
 B - a scroll of fear
 E - a scroll of enchant armour {unknown}
 H - a scroll of summoning
 V - a scroll of teleportation {unknown}
 X - a scroll of silence {unknown}
Potions
 f - 3 potions of haste
 k - 2 potions of heal wounds
 n - 4 potions of curing
 p - 2 potions of lignification
 u - 2 potions of brilliance
 v - 2 potions of might
 w - 2 potions of mutation
 C - a potion of ambrosia
 I - 2 potions of cancellation {unknown}


   Skills:
 - Level 2.6 Fighting
 + Level 8.7 Short Blades
 - Level 2.1 Dodging
 + Level 16.1 Stealth
 + Level 7.8 Necromancy


You had 3 spell levels left.
You knew the following spells:

 Your Spells              Type           Power      Damage    Failure   Level
a - Corpse Rot            Necr/Air       N/A        N/A       12%         2
b - Vampiric Draining     Necr           7%         2d7       4%          3
p - Animate Skeleton      Necr           28%        N/A       1%          1

Your spell library contained the following spells:

 Spells                   Type           Power      Damage    Failure   Level
 Pain                     Necr           56%        1d6       1%          1
 Beastly Appendage        Tmut           0%         N/A       38%         1
 Wereblood                Tmut           0%         N/A       52%         2
 Spider Form              Tmut/Pois      0%         N/A       77%         3
 Animate Dead             Necr           7%         N/A       16%         4
 Dispel Undead            Necr           14%        3d10      16%         4
 Excruciating Wounds      Necr           7%         N/A       41%         5
 Death Channel            Necr           7%         N/A       94%         6
 Petrify                  Tmut/Erth      0%         N/A       99%         4
 Irradiate                Conj/Tmut      0%         3d14      100%        5
 Simulacrum               Ice/Necr       3%         N/A       100%        6
 Sublimation of Blood     Necr           Unusable   N/A       N/A         2

Dungeon Overview and Level Annotations

Branches:
Dungeon (11/15)               Orc (2/2) D:9         Ossuary (visited)
 Temple: D:4-7         Lair: D:8-11         Elf: Orc:2

Altars:
Cheibriados
Hepliaklqana
Kikubaaqudgha
Okawaru
Ru
Vehumet
Zin
Beogh

Shops:
D:5 [:?   D:7 *   Orc:1 [

Annotations:
D:7 Harold


Innate Abilities, Weirdness & Mutations

You are a vampire bat.
You are tiny and dextrous.
You move quickly.
You are flying.
Your equipment is almost entirely melded.
You are incapable of wielding weapons or throwing items.
You cannot cast spells.
You do not regenerate when monsters are visible.
You are frail without blood (-20% HP).
You can heal yourself when you bite living creatures.
You are immune to poison.
You have razor-sharp teeth.
You have supernaturally acute eyesight. (SInv)
You are afflicted with vampirism and can become a bat while bloodless.


Message History

The centaur shoots an arrow.
You reflect the arrow off an invisible shield around you!
The arrow hits the centaur!
You kill the centaur!
Kikubaaqudgha accepts your kill.
You feel your intelligence returning.
It was a potion of flight.
You feel very buoyant.
You fly up into the air.
Unknown command.
You hit the troll but do no damage. You closely miss the troll.
The troll barely misses you. You block the troll's attack.
The troll barely misses you.
You hit the troll but do no damage. You hit the troll.
The troll is lightly wounded.
The troll bites you!
* * * LOW HITPOINT WARNING * * *
The troll completely misses you. The troll claws you but does no damage.
Unknown command.
The vampire mumbles some strange words.
The vampire flickers and vanishes for a moment.
Unknown command.
Unknown command.
Okay, then.
Okay, then.
You turn into a vampire bat.
Your +2 short sword of speed melds into your body.
Your +2 helmet of intelligence melds into your body.
The +2 pair of gloves "Qempuz" {rC+ rN+ rCorr Str+4} melds into your body.
Your +0 pair of boots melds into your body.
Your +0 buckler of protection melds into your body.
The +5 leather armour of Deoluhuoc {rCorr} melds into your body.
Your ring of protection from fire melds into your body.
You feel stupid.
You feel less protected.
You feel weakened.
You feel dopey.
You feel clumsy.
The troll barely misses you. x2; The troll claws you!
You die...
Kikubaaqudgha rasps: "You have failed me!
Welcome... oblivion!"

#... ...## #. #################
##) ................# ##..
..).............#### ###..#
.................... ##..V##
................##### #.)###
........).......bT..### #V##
..†.........#######V..### #.#
...<.....##...#######...###.#
..................#####.....# .
.........####.###....###....###..
.........# #.######.............
########## #......#...###.......
######.#.#####..#....
#...................


You could see a troll and a vampire (invisible).

Vanquished Creatures
  An orc knight (Orc:1)
  Pikel (D:7)
  Sigmund (D:2)
  A wraith (D:10)
  A yak (D:10)
  A steam dragon (D:7)
  A water moccasin (D:8)
  Duvessa (D:7)
  4 orc warriors
  A sky beast (D:6)
  2 ice beasts
  3 ogres
  3 centaurs
  3 kobold brigands
  3 lemures (D:7)
  4 bullfrogs
  A scorpion (D:5)
  Dowan (D:7)
  6 centaur zombies
  A bullfrog zombie (D:4)
  A jelly (D:6)
  2 orc priests (Orc:1)
  A hound (D:5)
  2 gnoll shamans
  A bullfrog skeleton (D:6)
  A centaur skeleton (D:6)
  An iguana (D:6)
  6 orc wizards
  An ogre zombie (Ossuary)
  7 mummies (Ossuary)
  10 gnolls
  3 adders
  An adder zombie (Ossuary)
  2 worms
  2 dart slugs
  22 orcs
  4 bats
  7 endoplasms
  5 giant cockroaches
  3 goblins
  7 hobgoblins
  6 jackals (D:5)
  4 ball pythons
  5 frilled lizards
  2 gnoll zombies (Ossuary)
  8 goblin zombies (Ossuary)
  3 hobgoblin zombies (Ossuary)
  15 kobolds
  4 kobold zombies (Ossuary)
  3 quokka zombies (Ossuary)
  5 rats
  4 rat zombies (Ossuary)
188 creatures vanquished.

Vanquished Creatures (others)
  An ufetubus (D:7)
1 creature vanquished.

Grand Total: 189 creatures vanquished

Notes
Turn   | Place    | Note
-------+----------+-------------------------------------------
     0 | D:5      | Spectrina the Vampire Delver began the quest for the Orb.
     0 | D:5      | Reached XP level 1. HP: 17/17 MP: 1/1
    16 | D:5      | Noticed a scorpion
    25 | D:5      | Noticed an ogre
    41 | D:5      | Found Dunyh's Book Boutique.
    82 | D:5      | Noticed an orc wizard
    94 | D:5      | Reached XP level 2. HP: 18/18 MP: 2/2
    95 | D:5      | Noticed an ice beast
   125 | D:5      | Reached skill level 8 in Stealth
   138 | D:5      | Found Wen Vosi's Antique Armour Emporium.
   211 | D:5      | Killed a scorpion
   212 | D:5      | Reached skill level 9 in Stealth
   212 | D:5      | Gained mutation: You are afflicted with vampirism and can
                  | become a bat while bloodless. [Vampire growth]
   212 | D:5      | Reached XP level 3. HP: 11/22 MP: 3/3
   212 | D:5      | Reached XP level 4. HP: 13/27 MP: 4/4
   217 | D:5      | Killed an ogre
   218 | D:5      | Reached skill level 10 in Stealth
   218 | D:5      | Reached XP level 5. HP: 20/31 MP: 5/5
   250 | D:5      | Reached skill level 11 in Stealth
   264 | D:5      | Noticed a black bear
   354 | D:4      | Found a sand-covered staircase.
   377 | Ossuary  | Entered an ossuary
   433 | Ossuary  | Reached XP level 6. HP: 24/41 MP: 6/6
   518 | Ossuary  | Reached skill level 12 in Stealth
  1159 | D:4      | Identified the +3 short sword of Severance {freeze, rC+}
  1370 | D:2      | Noticed Sigmund
  1390 | D:2      | Killed Sigmund
  1391 | D:2      | Reached skill level 13 in Stealth
  1391 | D:2      | Reached XP level 7. HP: 36/40 MP: 7/7
  1759 | D:2      | Found a faded altar of an unknown god.
  1766 | D:2      | Became a worshipper of Kikubaaqudgha
  1766 | D:2      | Reached * piety under Kikubaaqudgha
  1766 | D:2      | Received a gift from Kikubaaqudgha
  1894 | D:3      | Found a radiant altar of Vehumet.
  1894 | D:3      | Found a sacrificial altar of Ru.
  2182 | D:4      | Learned a level 2 spell: Corpse Rot
  2184 | D:4      | Learned a level 1 spell: Animate Skeleton
  2234 | D:4      | Reached skill level 1 in Necromancy
  2332 | D:4      | Reached ** piety under Kikubaaqudgha
  2668 | D:5      | Found Ibbax's Magic Scroll Emporium.
  2673 | D:5      | Bought a scroll of enchant weapon for 82 gold pieces
  2673 | D:5      | Bought a scroll of identify for 22 gold pieces
  2673 | D:5      | Bought a scroll of identify for 22 gold pieces
  2673 | D:5      | Bought 3 scrolls of identify for 66 gold pieces
  2782 | D:6      | Found an iron altar of Okawaru.
  2788 | D:6      | Found a hazy altar of Hepliaklqana.
  2847 | D:6      | Reached XP level 8. HP: 45/45 MP: 8/8
  2879 | D:6      | Identified a scroll of acquirement
  2880 | D:6      | Acquired 862 gold pieces
  2916 | D:5      | Bought a pair of faintly humming gloves for 256 gold pieces
  2916 | D:5      | Identified the +2 pair of gloves "Qempuz" {rC+ rN+ rCorr
                  | Str+4} (You bought it in a shop on level 5 of the Dungeon)
  2916 | D:5      | Bought a shiny helmet for 202 gold pieces
  2926 | D:5      | Bought a shiny buckler for 202 gold pieces
  2926 | D:5      | Bought a scorched leather armour for 189 gold pieces
  2926 | D:5      | Identified the +5 leather armour of Deoluhuoc {rCorr} (You
                  | bought it in a shop on level 5 of the Dungeon)
  3024 | D:6      | Reached skill level 5 in Short Blades
  3033 | D:6      | Reached skill level 14 in Stealth
  3241 | D:7      | Noticed Pikel
  3411 | D:7      | Found Ymiris's Assorted Antiques.
  3433 | D:7      | Reached skill level 5 in Necromancy
  3508 | D:7      | Killed Pikel
  3509 | D:7      | Reached XP level 9. HP: 28/49 MP: 9/9
  3521 | D:7      | Bought a scroll labelled LEPEMI PYTO for 29 gold pieces
  3565 | D:8      | Reached skill level 15 in Stealth
  3616 | D:8      | Found a snail-covered altar of Cheibriados.
  3720 | D:7      | Noticed Duvessa
  3723 | D:7      | Noticed Dowan
  3727 | D:7      | Killed Duvessa
  3727 | D:7      | Reached *** piety under Kikubaaqudgha
  3727 | D:7      | Received a gift from Kikubaaqudgha
  3728 | D:7      | Killed Dowan
  3752 | D:7      | Noticed Harold
  3876 | D:9      | Found a staircase to the Orcish Mines.
  3897 | Orc:1    | Entered Level 1 of the Orcish Mines
  4044 | Orc:1    | Found Qaor Gac's Antique Armour Shop.
  4142 | Orc:1    | Noticed an orc knight
  4142 | Orc:1    | Noticed an orc sorcerer
  4145 | Orc:1    | Killed an orc knight
  4149 | Orc:1    | Noticed a rust devil
  4188 | Orc:2    | Entered Level 2 of the Orcish Mines
  4267 | Orc:2    | Reached skill level 16 in Stealth
  4294 | Orc:2    | Learned a level 3 spell: Vampiric Draining
  4315 | Orc:2    | Noticed an orc sorcerer
  4450 | D:10     | Entered Level 10 of the Dungeon
  4633 | D:10     | Reached XP level 10. HP: 29/54 MP: 10/10
  4760 | D:10     | Slain by a troll

Illustrated notes

Levels and vault maps discovered:
D:1:      saegor_arrival_simple_d, layout_basic
D:2:      layout_rooms, hellmonk_ecumenical_altar_run_dry, uniq_robin,
          uniq_sigmund
D:3:      layout_rooms, gammafunk_temple_overflow_pools, grunt_ministairs_13
D:4:      layout_layer_cave, nicolae_ossuary_entry_false_entrances
D:5:      layout_loops_ring, minmay_temple_entry_arrows, serial_shops,
          nicolae_inconvenience_store, shop_fountains, kennysheep_little_box
D:6:      minmay_thick_lines, layout_rooms, mainiacjoe_overflow_six_doors_small,
          okawaru_trees_2, serial_shops, nicolae_shop_behind_doors,
          grunt_ministairs_6, nicolae_lava_and_water
D:7:      layout_gridville, led_sif_pool, kennysheep_windowed_goal,
          uniq_menkaure, uniq_duvessa, uniq_pikel, uniq_harold
D:8:      layout_loops_cross, slow_altar_2
D:9:      layout_basic, minmay_orc_entry_temple_small, special_room
          [special_room_orc], uniq_maurice
D:10:     layout_rooms, mainiacjoe_overflow_alcove_2, erik_lair_dragon,
          uniq_josephine
D:11:     layout_big_octagon
Orc:1:    layout_caves, serial_shops, shop, nicolae_orc_crystal_geode
Orc:2:    kennysheep_orc_mage_school, layout_diamond_mine

Skill      XL: |  1  2  3  4  5  6  7  8  9 |
---------------+----------------------------+-----
Stealth        | 9 10 11 13 14 16 | 16.1
Short Blades   | 3 4 7 8 |  8.7
Necromancy     | 2 5 7 |  7.8
Fighting       | |  2.6
Dodging        | |  2.1

Action                   |  1- 3 |  4- 6 |  7- 9 | 10-12 || total
-------------------------+-------+-------+-------+-------++-------
Melee: Short sword       |    22 |   182 |   565 |    41 ||   810
       Bite              |     1 |    21 |    70 |     3 ||    95
       Dagger            |       |     1 |       |       ||     1
 Fire: Hand crossbow     |       |       |    11 |       ||    11
Throw: Stone             |       |    63 |       |       ||    63
       Dart              |       |       |     2 |       ||     2
 Cast: Corpse Rot        |       |       |     1 |       ||     1
 Abil: Exsanguinate      |     1 |     1 |       |       ||     2
       Bat Form          |       |     1 |     2 |     1 ||     4
       End Transformatio |       |     1 |     2 |       ||     3
       Revivify          |       |     1 |       |       ||     1
  Use: Scroll            |       |       |    16 |       ||    16
       Potion            |       |       |     1 |     1 ||     2
 Stab: Sleeping          |     2 |    25 |    47 |     2 ||    76
       Distracted        |       |       |     3 |       ||     3
Armor: Leather armour    |     1 |    18 |   135 |    12 ||   166
Dodge: Dodged            |     7 |    55 |   157 |    23 ||   242
Block: Buckler           |       |       |   148 |    18 ||   166
       Reflection        |       |       |     1 |     4 ||     5
